 Dungeon Crawl Stone Soup version 0.31.0-12-g77e489cdc1 (webtiles) character file.

Game seed: 18214159672216189404

12108 Kallu the Geomancer (level 11, -8/71 HPs)
             Began as a Vampire Earth Elementalist on Feb 19, 2024.
             Was a Follower of Sif Muna.
             Mangled by a komodo dragon (15 damage)
             ... on level 1 of the Lair of Beasts.
             The game lasted 00:28:22 (13689 turns).

Kallu the Geomancer (Vampire Earth Elementalist)   Turns: 13689, Time: 00:28:23

Health: -8/71      AC:  9    Str:  8 (9)  XL:     11   Next: 58%
Magic:  4/20       EV: 14    Int: 23      God:    Sif Muna [*.....]
Gold:   464        SH:  0    Dex: 14      Spells: 11/22 levels left

rFire   . . .        a - staff of earth
rCold   + + .        (no shield)
rNeg    + + +        N - +2 robe of Gehenna {rCorr Str+2}
rPois   ∞            h - +0 helmet
rElec   .            (no cloak)
rCorr   +            (no gloves)
SInv    +            (no boots)
Will    +....        (no amulet)
Stlth   ++++         j - ring of resist corrosion
HPRegen 0.00/turn    m - +4 ring of protection
MPRegen 0.17/turn

%: no passive effects
@: about to teleport, bloodless, inhibited regen, slowed, very slow
A: bloodless, fangs 3, see invisible, vampiric 2
a: Bat Form, Revivify, Renounce Religion, Channel Magic


You were on level 1 of the Lair of Beasts.
You worshipped Sif Muna.
Sif Muna was aware of your devotion.
You visited 3 branches of the dungeon, and saw 14 of its levels.

You collected 576 gold pieces.
You spent 112 gold pieces at shops.

Inventory:

Hand Weapons
 b - a +5 falchion
Missiles
 t - 8 poisoned darts
 G - 6 silver javelins
Armour
 h - a +0 helmet (worn)
 N - the +2 robe of Gehenna (worn) {rCorr Str+2}
   (You found it on level 9 of the Dungeon)

   Str+2:     It affects your strength (+2).
   rCorr:     It protects you from acid and corrosion.
Magical Staves
 a - a staff of earth (weapon)
 v - a staff of alchemy
Jewellery
 j - a ring of resist corrosion (left hand)
 m - a +4 ring of protection (right hand)
 n - a +6 ring of strength
 p - a ring of flight
 r - a ring of protection from cold
 x - a +6 ring of dexterity
Wands
 s - a wand of iceblast (18)
 H - a wand of flame (9)
 J - a wand of charming (10)
 L - a wand of light (22)
 M - a wand of digging (1)
Scrolls
 d - 3 scrolls of teleportation
 g - 3 scrolls of vulnerability
 k - a scroll of enchant weapon {unknown}
 o - 6 scrolls of amnesia
 q - 2 scrolls of fog {unknown}
 u - a scroll of noise {unknown}
 y - a scroll of fear {unknown}
 B - 2 scrolls of enchant armour {unknown}
 D - a scroll of acquirement {unknown}
 F - a scroll of poison {unknown}
 I - 2 scrolls of identify
 O - a scroll of immolation {unknown}
 P - a scroll of blinking {unknown}
Potions
 c - a potion of cancellation
 e - 4 potions of heal wounds
 f - 2 potions of might
 i - 8 potions of curing
 l - 3 potions of brilliance
 w - a potion of lignification {unknown}
 z - 2 potions of magic
 A - a potion of resistance {unknown}
 C - a potion of ambrosia
 E - 2 potions of mutation {unknown}
 K - a potion of attraction {unknown}


   Skills:
 - Level 9.0 Fighting
 - Level 6.0 Dodging
 - Level 3.0 Stealth
 + Level 6.0 Spellcasting
 - Level 5.0 Conjurations
 - Level 12.0 Earth Magic
 - Level 2.0 Invocations
 - Level 2.0 Evocations


You had 11 spell levels left.
You knew the following spells:

 Your Spells              Type           Power      Damage    Failure   Level
a - Sandblast             Erth           100%       2d20      1%          1
b - Stone Arrow           Conj/Erth      100%       3d13      1%          3
c - Brom's Barrelling Bo  Conj/Erth      62%        2d8       2%          4
A - Passwall              Erth           75%        N/A       1%          3

Your spell library contained the following spells:

 Spells                   Type           Power      Damage    Failure   Level
 Foxfire                  Conj/Fire      72%        2x1d7     3%          1
 Petrify                  Alch/Erth      51%        N/A       7%          4
 Necrotise                Necr           24%        1d5       9%          1
 Slow                     Hex            24%        N/A       9%          1
 Summon Small Mammal      Summ           24%        N/A       9%          1
 Call Canine Familiar     Summ           6%         N/A       26%         3
 Confusing Touch          Hex            6%         N/A       26%         3
 Sigil of Binding         Hex            6%         N/A       26%         3
 Vampiric Draining        Necr           6%         2d6       26%         3
 Cause Fear               Hex            3%         N/A       63%         4
 Ignite Poison            Fire/Alch      6%         N/A       63%         4
 Martyr's Knell           Necr/Summ      6%         N/A       63%         4
 Sticky Flame             Fire/Alch      6%         2d4       63%         4
 Summon Blazeheart Golem  Fire/Summ      6%         N/A       63%         4
 Fireball                 Conj/Fire      9%         3d6       63%         5
 Curse of Agony           Necr           6%         N/A       93%         5
 Starburst                Conj/Fire      9%         6d5       99%         6
 Plasma Beam              Fire/Air       3%         2x1d13    100%        6
 Ignition                 Fire           3%         3d4       100%        8
 Dragon's Call            Summ           3%         N/A       100%        9


Dungeon Overview and Level Annotations

Branches:
Dungeon (12/15)            Temple (1/1) D:4            Lair (1/5) D:11
    Orc: D:9-12

Altars:
Ashenzari
Cheibriados
Dithmenos
Fedhas
Gozag
Hepliaklqana
Kikubaaqudgha
Makhleb
Nemelex Xobeh
Okawaru
Qazlal
Ru
Sif Muna
Trog
Uskayaw
Vehumet
Wu Jian
Xom
Yredelemnul

Shops:
D:3 [   D:6 !   D:7 :

Annotations:
D:3 3 runed translucent doors, Couri's ghost, amateur DESu; drgodel's ghost, weakling GrEE; riffraff's ghost, amateur AtFi
D:10 exclusion: oklob plant


Innate Abilities, Weirdness & Mutations

You do not regenerate when monsters are visible.
You are frail without blood (-20% HP).
You can heal yourself when you bite living creatures.
You are immune to poison.
You have razor-sharp teeth.
You have supernaturally acute eyesight. (SInv)
You are afflicted with vampirism and can become a bat while bloodless.


Message History

You feel a surge of power!
The blast of sand hits the bullfrog!!
You kill the bullfrog!
Sif Muna accepts your kill.
The komodo dragon bites you but does no damage.
Training target 9.0 for Fighting reached!
Your Fighting skill increases to level 9!
You need to enable at least one skill for training.
Unknown command.
Unknown command.
Casting: Sandblast (safe; 1% risk of failure)
Confirm with . or Enter, or press ? or * to list all spells.
Aiming: Stone Arrow (safe; 1% risk of failure)
Press: ? - help, Shift-Dir - straight line, f - komodo dragon
Aim: a komodo dragon (84% to hit)
You feel a surge of power!
The stone arrow misses the komodo dragon.
The komodo dragon barely misses you.
Unknown command.
Aiming: Sandblast (safe; 1% risk of failure)
Press: ? - help, Q - select action, (/) - cycle Shift-Dir - straight line, f/p - komodo dragon
Aim: a komodo dragon (89% to hit)
You feel a surge of power!
The blast of sand hits the komodo dragon but does no damage.
The komodo dragon bites you!!
Being near the torpor snail leaves you feeling lethargic.
Aiming: Sandblast (safe; 1% risk of failure)
Press: ? - help, Q - select action, (/) - cycle Shift-Dir - straight line, f/p - komodo dragon
Aim: a komodo dragon (89% to hit)
You feel a surge of power!
The blast of sand hits the komodo dragon but does no damage.
The komodo dragon barely misses you. The komodo dragon bites you.
The komodo dragon bites you!
As you read the scroll of teleportation, it crumbles to dust.
You feel strangely unstable.
The torpor snail bites the fungus!!
The fungus begins to die.
The komodo dragon bites you!
* * * LOW HITPOINT WARNING * * *
Unknown command.
The komodo dragon attacks as it pursues you!
The komodo dragon bites you!
You die...

#...........
#.........
#.##..#.+#
#.#......#
#........#
#wP...w..#.l.
#†#...!......
#l#...$..#...
#@#..........
#........+...
#..#.####....
#P...... ....
##........
... #..... ..
.. #...... .
#.......


You could see a torpor snail and a komodo dragon.

Vanquished Creatures
  3 two-headed ogres
  Pikel (D:7)
  A manticore (D:11)
  2 cane toads (Lair:1)
  An unseen horror (D:11)
  6 komodo dragons
  A troll (D:11)
  2 shadows (D:9)
  7 yaks
  2 wraiths
  A wyvern (D:10)
  Grum (D:7)
  4 vampire mosquitoes (D:10)
  An acid dragon (D:9)
  An ice beast (D:8)
  2 orc warriors
  4 wolves
  3 black bears
  2 ogres (D:5)
  3 centaurs
  2 lemures (D:6)
  A weeping skull (D:7)
  9 bullfrogs
  3 gnoll sergeants (D:7)
  6 scorpions
  8 wights
  6 killer bees (D:9)
  4 howler monkeys
  2 bombardier beetles
  15 hounds
  An orc priest (D:6)
  A gnoll bouda (D:6)
  6 iguanas
  7 orc wizards
  15 gnolls
  9 adders
  A shadow imp (D:5)
  5 dart slugs
  A ribbon worm (D:2)
  19 orcs
  5 endoplasms
  3 giant cockroaches
  4 hobgoblins
  10 jackals
  2 quokkas
  8 ball pythons
  6 bats
  11 goblins
  4 kobolds
  3 rats
  A spectral orc (D:7)
226 creatures vanquished.

Vanquished Creatures (collateral kills)
  17 boulders
17 creatures vanquished.

Vanquished Creatures (others)
  20 boulders
20 creatures vanquished.

Grand Total: 263 creatures vanquished

Notes
Turn   | Place    | Note
-------+----------+-------------------------------------------
     0 | D:1      | Kallu the Vampire Earth Elementalist began the quest for
                  | the Orb.
     0 | D:1      | Reached XP level 1. HP: 13/13 MP: 3/3
   385 | D:1      | Reached XP level 2. HP: 19/19 MP: 3/5
  1195 | D:2      | Gained mutation: You are afflicted with vampirism and can
                  | become a bat while bloodless. [Vampire growth]
  1195 | D:2      | Reached XP level 3. HP: 16/24 MP: 3/7
  1199 | D:2      | Learned a level 3 spell: Stone Arrow
  1956 | D:3      | Found Canaheuj's Armour Shop.
  1965 | D:3      | Reached XP level 4. HP: 29/30 MP: 7/10
  2057 | D:3      | Noticed a +0 dagger
  2058 | D:3      | Found a hide-covered altar of Uskayaw.
  2058 | D:3      | Noticed a +0 hand axe
  2454 | D:3      | Found a runed translucent gate.
  2456 | D:3      | Found a runed translucent gate.
  2456 | D:3      | Found a runed translucent gate.
  2458 | D:3      | Noticed riffraff's ghost (amateur AtFi)
  2458 | D:3      | Noticed drgodel's ghost (weakling GrEE)
  2459 | D:3      | Noticed Couri's ghost (amateur DESu)
  2474 | D:3      | Reached skill level 4 in Earth Magic
  2646 | D:3      | Reached XP level 5. HP: 35/35 MP: 9/11
  3103 | D:4      | Found a shadowy altar of Dithmenos.
  3166 | D:4      | Reached skill level 5 in Earth Magic
  3219 | D:4      | Found a sparkling altar of Nemelex Xobeh.
  3375 | D:4      | Reached skill level 1 in Conjurations
  3461 | D:4      | Found a staircase to the Ecumenical Temple.
  3547 | D:4      | Reached XP level 6. HP: 40/41 MP: 5/12
  3860 | D:5      | Entered Level 5 of the Dungeon
  4050 | D:5      | Reached skill level 1 in Fighting
  4160 | D:5      | Reached XP level 7. HP: 53/53 MP: 8/13
  4822 | D:6      | Found Catih's Distillery.
  5092 | D:6      | Learned a level 3 spell: Passwall
  5335 | D:6      | Reached skill level 5 in Fighting
  5549 | D:6      | Bought a potion of ambrosia for 112 gold pieces
  5577 | D:6      | Reached skill level 6 in Earth Magic
  5641 | D:6      | Reached XP level 8. HP: 60/62 MP: 10/14
  6052 | D:7      | Found a burning altar of Makhleb.
  6055 | D:7      | Reached skill level 7 in Earth Magic
  6066 | D:7      | Learned a level 4 spell: Brom's Barrelling Boulder
  6268 | D:7      | Noticed Grum
  6271 | D:7      | Killed Grum
  6351 | D:7      | Found Boata's Book Shop.
  6463 | D:7      | Noticed Pikel
  6525 | D:7      | Found a sacrificial altar of Ru.
  6653 | D:7      | Killed Pikel
  6654 | D:7      | Reached skill level 5 in Dodging
  6654 | D:7      | Reached XP level 9. HP: 51/56 MP: 3/15
  7578 | D:7      | Found a basalt altar of Yredelemnul.
  7789 | D:8      | Found an ornate altar of the Wu Jian Council.
  7881 | Temple   | Entered the Ecumenical Temple
  7903 | Temple   | Became a worshipper of Sif Muna the Loreminder
  8034 | D:8      | Reached skill level 8 in Earth Magic
  8647 | D:8      | Reached skill level 9 in Earth Magic
  8976 | D:9      | Reached XP level 10. HP: 57/63 MP: 6/16
  8982 | D:9      | Reached * piety under Sif Muna
  8998 | D:9      | Identified the +2 robe of Gehenna {rCorr Str+2}
  9198 | D:9      | Reached skill level 10 in Earth Magic
  9313 | D:9      | Noticed a two-headed ogre
  9323 | D:9      | Killed a two-headed ogre
  9324 | D:9      | Reached skill level 5 in Spellcasting
  9697 | D:10     | Entered Level 10 of the Dungeon
  9808 | D:10     | Noticed a two-headed ogre
  9840 | D:10     | Killed a two-headed ogre
  9971 | D:10     | Noticed a two-headed ogre
 10092 | D:10     | Noticed a two-headed ogre
 10108 | D:10     | Killed a two-headed ogre
 10109 | D:10     | Reached skill level 11 in Earth Magic
 10812 | D:10     | Reached skill level 12 in Earth Magic
 11029 | D:10     | Found a blossoming altar of Fedhas.
 11041 | D:10     | Noticed an oklob plant
 11333 | D:11     | Reached XP level 11. HP: 67/67 MP: 16/20
 12295 | D:11     | Reached skill level 5 in Conjurations
 12402 | D:11     | Found a staircase to the Lair.
 13028 | D:12     | Noticed a boulder beetle
 13081 | Lair:1   | Entered Level 1 of the Lair of Beasts
 13358 | Lair:1   | Reached skill level 1 in Invocations
 13358 | Lair:1   | Reached skill level 1 in Evocations
 13689 | Lair:1   | Mangled by a komodo dragon

Illustrated notes

Levels and vault maps discovered:
D:1:      shiori_shiawase, layout_basic
D:2:      layout_basic
D:3:      layout_basic, dancing_weapons_uskayaw, serial_shops, shop,
          gammafunk_ghost_cemetery
D:4:      layout_gridville, mainiacjoe_overflow_boulevard,
          mainiacjoe_overflow_cross_hatched, temple_statues, minmay_circle_x
D:5:      layout_basic
D:6:      layout_loops_ring, lemuel_tele_altar, serial_shops,
          nicolae_shop_industrial_runoff, nicolae_nh_ransacked_shop
D:7:      layout_cave_pools, yredelemnul_forgotten_temple_becter,
          lemuel_doored_altar, makhleb_blood_cavern_becter, serial_gnoll_camp,
          gnoll_camp_mini_doghouse, grums_kennel, gnoll_camp_huts_basic,
          gnoll_camp_mini_house, serial_shops,
          nicolae_shop_tiny_real_fake_doors, uniq_pikel
D:8:      layout_basic, mainiacjoe_overflow_24_doors,
          pdpol_wu_jian_five_deadly_venoms, minmay_microvault
D:9:      layout_rooms
D:10:     layout_loops_corners, tgw_fedhas
D:11:     layout_stronghold, grunt_lair_entry_orc_guard_hut,
          serial_column_ruins, column_ruins_hut_water, column_ruins_open_tiny,
          column_ruins_columns_T, column_ruins_columns_dead_end,
          column_ruins_corridor_straight, column_ruins_grid_4,
          column_ruins_open_small, column_ruins_open_tiny,
          hangedman_decor_points
D:12:     layout_loops_ring, orc_0_dummy
Temple:   minmay_temple_bridge_abc
Lair:1:   layout_regular_city, beast_lair_carwin_8, grunt_megastairs_4

Skill      XL: |  1  2  3  4  5  6  7  8  9 10 11 |
---------------+----------------------------------+-----
Spellcasting   | 3 4 6 |  6.0
Earth Magic    | 4 5 6 7 9 12 | 12.0
Conjurations   | 1 2 4 5 |  5.0
Fighting       | 3 5 6 7 9 |  9.0
Dodging        | 5 6 |  6.0
Invocations    | 2 |  2.0
Evocations     | 2 |  2.0
Stealth        | |  3.0

Action                     |  1- 3 |  4- 6 |  7- 9 | 10-12 || total
---------------------------+-------+-------+-------+-------++-------
  Melee: Unarmed           |    10 |       |       |       ||    10
         Quarterstaff      |     7 |    11 |       |       ||    18
         Bite              |     1 |       |     7 |     1 ||     9
         Long sword        |       |     8 |    21 |       ||    29
         Staff             |       |       |    21 |     5 ||    26
   Cast: Sandblast         |    52 |    68 |   142 |    65 ||   327
         Stone Arrow       |       |     5 |    30 |    38 ||    73
         Passwall          |       |       |     6 |       ||     6
         Brom's Barrelling |       |       |     6 |    47 ||    53
Ability: Exsanguinate      |       |       |     1 |       ||     1
         End Transformatio |       |       |       |     1 ||     1
         Bat Form          |       |       |       |     1 ||     1
  Evoke: Wand              |       |       |       |     5 ||     5
    Use: Scroll            |       |     6 |     5 |     2 ||    13
   Stab: Sleeping          |     2 |     1 |       |       ||     3
 Armour: Robe              |    22 |    37 |    96 |    55 ||   210
  Dodge: Dodged            |    31 |    33 |   119 |    50 ||   233
